[Event "Titled Tuesday Blitz April 05 Late 2022"]
[White "Harshavardhan G B"]
[Black "Mickiewicz, Piotr"]
[WhiteFideId "25059009"]
[BlackFideId "1114891"]
[WhiteElo "2614"]
[BlackElo "2498"]
[Result "0-1"]
[Round "08"]
[TimeControl "180+1"]
[Date "2022.04.06"]
[WhiteClock "0:00:07"]
[BlackClock "0:00:09"]

1. e4 c5 2. Nf3 e6 3. d4 cxd4 4. Nxd4 Nf6 5. Nc3 d6 6. g4 a6 7. Be3 b5 8. g5 Nfd7 9. Bg2 b4 10. Nce2 Bb7 11. f4 Nc5 12. Ng3 Nbd7 13. Qd2 Qc7 14. O-O-O Rc8 15. Kb1 Be7 16. h4 O-O 17. h5 Nb6 18. g6 Bf6 19. Qe2 Nca4 20. gxh7+ Kh8 21. h6 g6 22. Bc1 Nc4 23. Qd3 Rfd8 24. Nge2 e5 25. Qb3 Qa5 26. fxe5 dxe5 27. Qf3 Qb6 28. Nb3 Kxh7 29. Bh3 Rc6 30. Rxd8 Qxd8 31. Rf1 Nab6 32. Ng3 a5 33. Rd1 Qe7 34. Nd2 a4 35. Ndf1 a3 36. b3 Nb2 37. Rd2 Bg5 38. Rf2 Bxc1 39. Kxc1 f6 40. Kb1 Ba6 41. Ne3 Nd3 42. Nef5 Qc5 43. Rd2 Qc3 0-1


[Site "https://www.chess.com"]

[Event "Titled Tuesday Blitz April 05 Late 2022"]
[White "Hernandez Bermudez, Ulises Eduardo"]
[Black "Burke, Paul"]
[WhiteFideId "3902510"]
[BlackFideId "2605767"]
[WhiteElo "2056"]
[BlackElo "1873"]
[Result "0-1"]
[Round "08"]
[TimeControl "180+1"]
[Date "2022.04.06"]
[WhiteClock "0:00:03"]
[BlackClock "0:00:48"]

1. e4 e5 2. Nf3 Nc6 3. Bb5 f5 4. Nc3 Nf6 5. d3 Be7 6. O-O O-O 7. Re1 d6 8. Bc4+ Kh8 9. a3 f4 10. d4 Bg4 11. dxe5 Bxf3 12. Qxf3 Nxe5 13. Qe2 Nxc4 14. Qxc4 Ng4 15. f3 Ne5 16. Qe2 Bh4 17. Rd1 c6 18. b4 Qf6 19. Bb2 Rad8 20. Rd2 g5 21. h3 h5 22. Nd1 g4 23. Bxe5 Qxe5 24. c3 Bg3 25. hxg4 Qg5 26. Nf2 Qh4 27. Qd3 hxg4 28. Nxg4 Rg8 29. Qd4+ Rg7 30. Qf6 Rd7 31. Qxh4+ Bxh4 32. Rad1 Be7 33. Ne5 Rc7 34. Nc4 d5 35. exd5 cxd5 36. Ne5 Rxc3 37. Rxd5 Rxa3 38. Rd7 Bxb4 39. Rxg7 Kxg7 40. Rd7+ Kf6 41. Nd3 Ra1+ 42. Kf2 Ba5 43. Rxb7 Bb6+ 0-1


[Site "https://www.chess.com"]

[Event "Titled Tuesday Blitz April 05 Late 2022"]
[White "Hoffmann, Asa"]
[Black "Khripachenko, Alexander"]
[WhiteFideId "2001470"]
[BlackFideId "54184975"]
[WhiteElo "2381"]
[BlackElo "2579"]
[Result "0-1"]
[Round "08"]
[TimeControl "180+1"]
[Date "2022.04.06"]
[WhiteClock "0:00:12"]
[BlackClock "0:00:51"]

1. d4 Nf6 2. Bg5 d5 3. Nd2 Nbd7 4. e3 h6 5. Bh4 e5 6. Ngf3 e4 7. Ne5 Bd6 8. f4 exf3 9. Ndxf3 Qe7 10. Bxf6 Nxf6 11. Bd3 Ng4 12. Nxg4 Bxg4 13. Qe2 O-O-O 14. O-O-O Rhe8 15. Rde1 Kb8 16. h3 Bc8 17. Kd2 Bg3 18. Ref1 Qb4+ 19. Kc1 Bf4 20. c3 Rxe3 21. cxb4 Rxe2+ 22. Kb1 Re3 23. Bc2 Rde8 24. b5 Bd6 25. a3 g5 26. Kc1 Bf4 27. Kd1 Re2 28. Rhg1 R2e3 29. Ne5 Bxe5 30. dxe5 Be6 31. Re1 Rxe1+ 32. Rxe1 c6 33. bxc6 bxc6 34. g4 h5 35. Bf5 hxg4 36. hxg4 Kc7 37. b4 Kd7 38. Kd2 Rh8 39. Rf1 Rh2+ 40. Kc3 Rh3+ 41. Kb2 Ke7 42. a4 Re3 43. Bxe6 fxe6 44. Rf6 Rxe5 45. Rg6 Kd6 46. b5 cxb5 47. axb5 Kc5 48. Rg7 Kxb5 49. Rxa7 Re4 50. Kc3 Kc5 51. Ra6 Re3+ 52. Kd2 d4 53. Ra5+ Kc4 54. Rxg5 e5 55. Rg8 Ra3 56. g5 Ra2+ 57. Kd1 Kc3 58. g6 Kd3 59. Ke1 Rg2 60. g7 e4 61. Kf1 Rg6 62. Kf2 e3+ 63. Kf3 e2 64. Kf2 Rf6+ 65. Kg2 e1=Q 0-1


[Site "https://www.chess.com"]

[Event "Titled Tuesday Blitz April 05 Late 2022"]
[White "Iskusnyh, Sergei"]
[Black "Al-Tarboush, Ward"]
[WhiteFideId "4120027"]
[BlackFideId "7601450"]
[WhiteElo "2588"]
[BlackElo "2507"]
[Result "1-0"]
[Round "08"]
[TimeControl "180+1"]
[Date "2022.04.06"]
[WhiteClock "0:01:22"]
[BlackClock "0:01:49"]

1. d4 d5 2. c4 c6 3. Nf3 Nf6 4. e3 e6 5. Bd3 Nbd7 6. b3 c5 7. O-O cxd4 8. exd4 Bd6 9. c5 Bc7 10. Bb2 O-O 11. Nbd2 b6 12. b4 bxc5 13. bxc5 Bb7 14. Rb1 Bc6 15. Qc2 Rb8 16. Bc3 Re8 17. Ne5 Nxe5 18. dxe5 Ne4 19. Nxe4 dxe4 20. Bxe4 Bxe4 21. Qxe4 Qe7 22. Qc6 Rbc8 23. Rb7 Red8 24. Ba5 Rd7 25. g3 Qd8 26. Rxa7 Re7 27. Bxc7 Rexc7 28. Rxc7 Rxc7 29. Qd6 Qc8 30. Rd1 Rd7 31. Qxd7 1-0


[Site "https://www.chess.com"]

[Event "Titled Tuesday Blitz April 05 Late 2022"]
[White "Janturin, Artur"]
[Black "Brizzi, Milagros Tatiana"]
[WhiteFideId "4130022"]
[BlackFideId "128350"]
[WhiteElo "2340"]
[BlackElo "2182"]
[Result "1-0"]
[Round "08"]
[TimeControl "180+1"]
[Date "2022.04.06"]
[WhiteClock "0:00:28"]
[BlackClock "0:00:12"]

1. e4 c6 2. d4 d5 3. exd5 cxd5 4. Bd3 Nc6 5. c3 Qc7 6. Ne2 Bg4 7. f3 Bd7 8. Bf4 e5 9. dxe5 Nxe5 10. O-O Bd6 11. Nd4 Nf6 12. Na3 a6 13. Nac2 O-O 14. Kh1 Rfe8 15. Nf5 Bxf5 16. Bxf5 Rad8 17. Nd4 Nh5 18. Bg5 h6 19. f4 hxg5 20. fxe5 g6 21. exd6 Qxd6 22. Bg4 Nf4 23. Bf3 Kg7 24. g3 Nh5 25. Bxh5 gxh5 26. Nf5+ 1-0


[Site "https://www.chess.com"]

[Event "Titled Tuesday Blitz April 05 Late 2022"]
[White "Jarocka, Liwia"]
[Black "Przybylski, Wojciech"]
[WhiteFideId "21807558"]
[BlackFideId "1117599"]
[WhiteElo "2366"]
[BlackElo "2461"]
[Result "1/2-1/2"]
[Round "08"]
[TimeControl "180+1"]
[Date "2022.04.06"]
[WhiteClock "0:00:19"]
[BlackClock "0:00:05"]

1. e4 c5 2. Nf3 e6 3. d4 cxd4 4. Nxd4 Nc6 5. Be2 a6 6. O-O Qc7 7. Nc3 Nf6 8. Be3 Be7 9. f4 d6 10. Kh1 O-O 11. a3 Bd7 12. Qe1 Nxd4 13. Bxd4 Bc6 14. Qg3 g6 15. Bd3 Nd7 16. f5 e5 17. Be3 Bf6 18. Nd5 Bxd5 19. exd5 Bg7 20. c4 Rae8 21. Be2 e4 22. Bg5 f6 23. Bf4 Ne5 24. fxg6 hxg6 25. Bxe5 Rxe5 26. Qxg6 Qf7 27. Qxf7+ Kxf7 28. Rac1 Kg6 29. g4 Bh6 30. Rc2 Bg5 31. Kg2 Rc8 32. Kg3 Rxd5 33. h4 Bh6 34. b4 Rd4 35. Rf5 Bf8 36. Rb2 d5 37. Rxd5 Bd6+ 38. Kg2 Rxd5 39. cxd5 Rc3 40. a4 Be5 41. Rd2 Kf7 42. d6 Ke8 43. b5 a5 44. b6 Kd8 45. Bb5 e3 46. Rd3 e2 47. Kf2 Rxd3 48. Bxd3 Bxd6 49. Kxe2 Bc5 50. Bb5 Bxb6 51. g5 fxg5 52. hxg5 Bd4 53. Kf3 Ke7 54. Kg4 Kf7 55. Kf5 b6 56. g6+ Kg7 57. Ke6 Bc3 58. Kd5 Bb2 59. Kc6 1/2-1/2


[Site "https://www.chess.com"]

[Event "Titled Tuesday Blitz April 05 Late 2022"]
[White "Jobava, Baadur"]
[Black "Keymer, Vincent"]
[WhiteFideId "13601520"]
[BlackFideId "12940690"]
[WhiteElo "2617"]
[BlackElo "2557"]
[Result "0-1"]
[Round "08"]
[TimeControl "180+1"]
[Date "2022.04.05"]
[WhiteClock "0:00:02"]
[BlackClock "0:00:06"]

1. b3 d5 2. Bb2 c6 3. e3 Nf6 4. f4 Bf5 5. Nf3 e6 6. Nc3 Nbd7 7. h3 h6 8. g4 Bh7 9. Bg2 Bd6 10. Qe2 a5 11. O-O Qe7 12. d3 O-O 13. g5 Nh5 14. Qf2 hxg5 15. Nxg5 Bg6 16. Ne2 f6 17. Nf3 Bf7 18. Qh4 a4 19. Kh1 a3 20. Bc3 b5 21. Rae1 Bb4 22. Bxb4 Qxb4 23. Nfd4 c5 24. Nc6 Qd2 25. Ne7+ Kh7 26. Ng3 g6 27. f5 g5 28. Qxh5+ Bxh5 29. Nxh5 Rae8 30. Ng6 Rg8 31. fxe6 Rxe6 32. Bxd5 Kxg6 33. Bxe6 Rh8 34. Bxd7 Kxh5 35. Bg4+ Kg6 36. Re2 Qc3 37. Ref2 Rf8 38. e4 b4 39. Kg2 Kg7 40. Bd1 Qd4 41. Rf5 Rh8 42. R1f3 Rd8 43. Rg3 Re8 44. Rd5 Qc3 45. Bh5 Re7 46. Rf3 Qxc2+ 47. Rf2 Qc3 48. Bg4 Rf7 49. Rdf5 Re7 50. Rd5 Rf7 51. Rdf5 Qxd3 52. e5 Qd5+ 53. Kg3 Qd3+ 54. R2f3 Qd4 55. exf6+ Kg6 56. Rf2 c4 57. bxc4 Qxc4 58. R5f3 Qd4 59. Kg2 b3 60. axb3 Rxf6 61. Bf5+ Kh6 62. b4 Qxb4 63. Re2 Qc4 64. Bd3 Qc6 65. Be4 Qa6 66. Rxf6+ Qxf6 67. Bd5 Qd4 68. Re6+ Kg7 69. Re7+ Kf6 70. Rf7+ Kg6 71. Ba2 Qe4+ 0-1


[Site "https://www.chess.com"]

[Event "Titled Tuesday Blitz April 05 Late 2022"]
[White "Jumabayev, Rinat"]
[Black "Korchmar, Vasiliy"]
[WhiteFideId "13702661"]
[BlackFideId "24131750"]
[WhiteElo "2561"]
[BlackElo "2370"]
[Result "1-0"]
[Round "08"]
[TimeControl "180+1"]
[Date "2022.04.05"]
[WhiteClock "0:00:10"]
[BlackClock "0:00:02"]

1. d4 d5 2. Bf4 Nf6 3. e3 c5 4. c3 Nc6 5. Nd2 Bf5 6. Qb3 Qd7 7. Ngf3 c4 8. Qd1 e6 9. Be2 h6 10. b3 Ba3 11. bxc4 Bb2 12. Rb1 Bxc3 13. Rb3 Ba5 14. O-O O-O 15. c5 Nb4 16. a3 Nc6 17. Bd6 Rfc8 18. Bb5 Qd8 19. Qe2 Bc7 20. Bf4 Ne4 21. Bxc6 bxc6 22. Ne5 Qe8 23. Nxe4 Bxe4 24. f3 Bh7 25. Qa6 Bxe5 26. Bxe5 f6 27. Bd6 Qg6 28. Rb2 Qd3 29. Qxd3 Bxd3 30. Rd1 Bb5 31. Rdb1 Bd3 32. Rc1 Bb5 33. Ra1 a5 34. a4 Bc4 35. Kf2 Kf7 36. Ke1 Ra7 37. Kd2 g5 38. Rab1 Kg6 39. Rb7 Rca8 40. R7b6 Ra6 41. Kc3 h5 42. e4 h4 43. R1b2 R8a7 44. Rb8 Ra8 45. R8b7 R8a7 46. R2b6 Rxb7 47. Rxb7 h3 48. gxh3 Be2 49. exd5 exd5 50. f4 gxf4 51. Bxf4 Kf5 52. Bg3 Ra8 53. h4 Re8 54. Ra7 1-0


[Site "https://www.chess.com"]

[Event "Titled Tuesday Blitz April 05 Late 2022"]
[White "Kamsky, Gata"]
[Black "Paravyan, David"]
[WhiteFideId "2000024"]
[BlackFideId "4194985"]
[WhiteElo "2645"]
[BlackElo "2569"]
[Result "1/2-1/2"]
[Round "08"]
[TimeControl "180+1"]
[Date "2022.04.05"]
[WhiteClock "0:01:30"]
[BlackClock "0:00:50"]

1. e4 e5 2. Nf3 Nf6 3. Nxe5 d6 4. Nf3 Nxe4 5. Qe2 Qe7 6. d3 Nf6 7. Qxe7+ Bxe7 8. Nc3 Nc6 9. Bg5 h6 10. Bh4 Be6 11. O-O-O O-O-O 12. Re1 Rhe8 13. Be2 a6 14. a3 Nh5 15. Bxe7 Rxe7 16. g3 Rde8 17. Bd1 Nf6 18. h3 Bf5 19. Rxe7 Rxe7 20. Kd2 Kd8 21. Ne2 Ne5 22. Nxe5 dxe5 23. Nc3 Kd7 24. Bf3 c6 25. b4 e4 26. dxe4 Bxe4 27. Nxe4 Nxe4+ 28. Bxe4 Rxe4 29. Kd3 Re6 30. Rb1 b5 31. a4 Kd6 32. axb5 axb5 33. Rd1 Re5 34. Ra1 Rd5+ 35. Ke3 Re5+ 36. Kd3 Rd5+ 37. Ke3 Re5+ 38. Kd3 1/2-1/2


[Site "https://www.chess.com"]

[Event "Titled Tuesday Blitz April 05 Late 2022"]
[White "Kazakouski, Valery"]
[Black "Xiong, Jeffery"]
[WhiteFideId "13507443"]
[BlackFideId "2047640"]
[WhiteElo "2524"]
[BlackElo "2727"]
[Result "0-1"]
[Round "08"]
[TimeControl "180+1"]
[Date "2022.04.05"]
[WhiteClock "0:00:02"]
[BlackClock "0:00:22"]

1. d4 Nf6 2. c4 c5 3. d5 b5 4. cxb5 a6 5. e3 g6 6. Nc3 Bg7 7. Nf3 O-O 8. a4 e6 9. Ra3 Bb7 10. dxe6 fxe6 11. Be2 axb5 12. Bxb5 d5 13. O-O Nbd7 14. Ne2 Qe7 15. b3 e5 16. Bb2 d4 17. Ng3 Kh8 18. a5 Ng4 19. e4 Nb8 20. h3 Nf6 21. Nd2 Ba6 22. Qe2 Qb7 23. Bxa6 Rxa6 24. Nc4 Nc6 25. Bc1 Nd7 26. Nd6 Qa8 27. Qc4 Nd8 28. Nb5 Rxa5 29. Nc7 Qa7 30. Rxa5 Qxa5 31. Ne6 Nxe6 32. Qxe6 Qb5 33. Bg5 Rb8 34. Ra1 Nf8 35. Qd6 Qb6 36. Qxb6 Rxb6 37. Be7 Rxb3 38. Bxc5 h5 39. Bxf8 Bxf8 40. Rd1 Bh6 41. Kf1 Kg7 42. Ke2 Kf6 43. Nf1 Rb2+ 44. Kf3 Ke6 45. Ng3 Kd6 46. Ne2 Rb3+ 0-1


[Site "https://www.chess.com"]

[Event "Titled Tuesday Blitz April 05 Late 2022"]
[White "Kohler, Aran"]
[Black "Quintiliano Pinto, Renato R."]
[WhiteFideId "1002856"]
[BlackFideId "2117568"]
[WhiteElo "2335"]
[BlackElo "2721"]
[Result "0-1"]
[Round "08"]
[TimeControl "180+1"]
[Date "2022.04.06"]
[WhiteClock "0:00:09"]
[BlackClock "0:00:58"]

1. d4 Nf6 2. Nf3 e6 3. Bg5 b6 4. e3 Bb7 5. Nbd2 Be7 6. Bd3 h6 7. Bxf6 Bxf6 8. c3 O-O 9. h4 d6 10. Qe2 Nd7 11. O-O-O e5 12. dxe5 Nxe5 13. Nxe5 Bxe5 14. f4 Bf6 15. Rh3 Re8 16. g4 g6 17. g5 hxg5 18. hxg5 Bg7 19. Qf2 Qd7 20. Qh4 Qa4 21. Qh7+ Kf8 22. Bxg6 fxg6 23. Qxg6 Qxa2 24. f5 Qf7 25. Qxf7+ Kxf7 26. f6 Rh8 27. Rxh8 Bxh8 28. e4 Kg6 29. Rg1 Re8 30. Nf3 Bxe4 31. Nh4+ Kh5 32. f7 Rf8 33. g6 Kxh4 34. g7 Bxg7 35. Rxg7 Bd5 36. Rh7+ Kg5 37. Rg7+ Kf6 38. Rg1 Bxf7 39. Kb1 Rg8 40. Ka1 Rxg1# 0-1


[Site "https://www.chess.com"]

[Event "Titled Tuesday Blitz April 05 Late 2022"]
[White "Kosakowski, Jakub"]
[Black "Herrera Reyes, Jose Antonio"]
[WhiteFideId "1185080"]
[BlackFideId "2274914"]
[WhiteElo "2454"]
[BlackElo "2361"]
[Result "0-1"]
[Round "08"]
[TimeControl "180+1"]
[Date "2022.04.05"]
[WhiteClock "0:00:02"]
[BlackClock "0:00:32"]

1. e4 c5 2. Nf3 e6 3. d4 cxd4 4. Nxd4 a6 5. Bd3 Qc7 6. O-O Bc5 7. Nb3 Ba7 8. Qg4 Kf8 9. Nc3 d6 10. Qg3 h5 11. Bf4 e5 12. Be3 h4 13. Qf3 h3 14. Nd5 Qd8 15. g3 Nc6 16. Bxa7 Rxa7 17. Qe3 Be6 18. f4 Nf6 19. fxe5 Ng4 20. Qe2 Ngxe5 21. Nf4 Bg4 22. Qf2 Kg8 23. Be2 Qd7 24. Rad1 b5 25. Nd5 Rh6 26. Ne3 Bxe2 27. Qxe2 Rg6 28. Nf5 Ra8 29. Qh5 Qa7+ 30. Kh1 Ng4 31. Rd2 Ne3 32. Rf3 Nc4 33. Rdf2 N6e5 34. Rf4 Ng4 35. Rf1 Nce3 36. Nxe3 Qxe3 37. Qxh3 Nxh2 38. Qxh2 Rxg3 39. Rh4 Kf8 40. Nd4 g6 41. Ne2 Rg5 42. Qxd6+ Kg8 43. Qh2 Kf8 44. Rh8+ Ke7 45. Qc7+ Ke6 46. Qc6+ Ke7 47. Qf6+ Kd7 48. Rd1+ Kc7 49. Qd6+ Kb7 50. Qe7+ Kb6 51. Rd6+ Ka5 52. Qc7+ Ka4 53. b3+ Ka3 54. Qa5+ Kb2 55. Qc3+ Qxc3 56. Nxc3 Rxh8# 0-1


[Site "https://www.chess.com"]

[Event "Titled Tuesday Blitz April 05 Late 2022"]
[White "Kozin, Yuri"]
[Black "Estrada Nieto, Julian"]
[WhiteFideId "4129920"]
[BlackFideId "5101018"]
[WhiteElo "2522"]
[BlackElo "2364"]
[Result "0-1"]
[Round "08"]
[TimeControl "180+1"]
[Date "2022.04.06"]
[WhiteClock "0:00:02"]
[BlackClock "0:00:34"]

1. e4 e5 2. Nf3 Nc6 3. Bb5 a6 4. Ba4 Nf6 5. O-O Be7 6. Re1 b5 7. Bb3 d6 8. c3 O-O 9. h3 Bb7 10. d4 Re8 11. a4 Bf8 12. d5 Na5 13. Bc2 c6 14. dxc6 Bxc6 15. Bg5 h6 16. Bxf6 Qxf6 17. Na3 Nc4 18. Nxc4 bxc4 19. Qe2 d5 20. exd5 Bxd5 21. Be4 Qc6 22. Bxd5 Qxd5 23. Rad1 Qc6 24. Nxe5 Qxa4 25. Qf3 Ra7 26. Qd5 Rae7 27. f4 Qb5 28. Qxb5 axb5 29. Kf2 f6 30. Nd7 Rxe1 31. Rxe1 Rxe1 32. Kxe1 Bd6 33. f5 Kf7 34. Ke2 Ke7 35. Nb6 Bc5 36. Nd5+ Kd6 37. Nf4 Ke5 38. Ne6 Bd6 39. Nxg7 Ke4 40. g4 Bf4 41. Ne6 Bc1 42. Nc7 b4 43. Nb5 b3 44. Nd6+ Kd5 45. Ne8 Bxb2 46. Kd2 Ke5 47. Nc7 Ba3 48. Nb5 Bc5 49. Kc1 Ke4 50. Kb2 Kf3 0-1


[Site "https://www.chess.com"]

[Event "Titled Tuesday Blitz April 05 Late 2022"]
[White "Koziorowicz, Michal"]
[Black "Sztokbant, Bernardo Vainzoff"]
[WhiteFideId "21809194"]
[BlackFideId "2115956"]
[WhiteElo "2660"]
[BlackElo "2535"]
[Result "1-0"]
[Round "08"]
[TimeControl "180+1"]
[Date "2022.04.06"]
[WhiteClock "0:00:50"]
[BlackClock "0:00:07"]

1. e4 e5 2. Bc4 Nf6 3. Nc3 Bb4 4. Nge2 O-O 5. O-O c6 6. d4 d5 7. dxe5 Nxe4 8. Nxe4 dxe4 9. Ng3 Qe7 10. Qh5 Nd7 11. Bf4 g6 12. Qg5 Qxg5 13. Bxg5 Nxe5 14. Bb3 Bf5 15. c3 Bc5 16. Rae1 Nd3 17. Re2 Rfe8 18. Bf6 Nf4 19. Ree1 Nd5 20. Bxd5 cxd5 21. Nxf5 gxf5 22. Rd1 Re6 23. Rxd5 Rxf6 24. Rxc5 Rd8 25. b4 Rd2 26. a4 Kg7 27. Rc7 Rc6 28. Rxb7 Rxc3 29. Rxa7 Rcc2 30. g3 e3 31. Re7 e2 32. Re1 Rd1 33. Rxe2 Rxe1+ 34. Rxe1 Ra2 35. a5 1-0


[Site "https://www.chess.com"]

[Event "Titled Tuesday Blitz April 05 Late 2022"]
[White "Kujawski, Adam"]
[Black "Saldano Dayer, Horacio"]
[WhiteFideId "1100920"]
[BlackFideId "103411"]
[WhiteElo "2346"]
[BlackElo "2514"]
[Result "1-0"]
[Round "08"]
[TimeControl "180+1"]
[Date "2022.04.06"]
[WhiteClock "0:00:19"]
[BlackClock "0:00:03"]

1. e4 d6 2. d4 Nf6 3. Nc3 e5 4. Nge2 Be7 5. g3 O-O 6. Bg2 c6 7. O-O b5 8. a4 b4 9. Nb1 Nbd7 10. c4 a5 11. b3 c5 12. d5 Ne8 13. f4 exf4 14. gxf4 Bf6 15. Ra2 g6 16. Nd2 Bg7 17. Nf3 Ndf6 18. Ng3 Bg4 19. h3 Nh5 20. hxg4 Nxg3 21. Re1 Nf6 22. Kf2 Ngxe4+ 23. Kg1 Nc3 24. Qc2 Nxa2 25. Qxa2 Nxg4 26. f5 Ne5 27. Ng5 Nd3 28. Be4 Nxc1 29. Qg2 Bd4+ 30. Kf1 Bf6 31. Nxh7 Re8 32. fxg6 fxg6 33. Qxg6+ Bg7 34. Kg2 Re5 35. Rf1 Qe7 36. Nf6+ Qxf6 37. Rxf6 Ra7 38. Qh7# 1-0


[Site "https://www.chess.com"]

[Event "Titled Tuesday Blitz April 05 Late 2022"]
[White "Lashkin, Jegor"]
[Black "Matlakov, Maxim"]
[WhiteFideId "13907808"]
[BlackFideId "4168003"]
[WhiteElo "2368"]
[BlackElo "2669"]
[Result "1-0"]
[Round "08"]
[TimeControl "180+1"]
[Date "2022.04.05"]
[WhiteClock "0:00:05"]
[BlackClock "0:00:03"]

1. d4 d5 2. c4 dxc4 3. Nf3 Nf6 4. e3 Bg4 5. Bxc4 e6 6. h3 Bh5 7. O-O a6 8. Nc3 Nbd7 9. Be2 Bd6 10. a3 O-O 11. b4 e5 12. Bb2 e4 13. Nh4 Bxe2 14. Qxe2 Re8 15. Nf5 Bf8 16. f3 g6 17. Ng3 exf3 18. Qxf3 Bg7 19. Rad1 Nb6 20. e4 Qd7 21. Bc1 h5 22. e5 Nfd5 23. Nce4 Rf8 24. Nc5 Qc6 25. Nge4 Nc4 26. e6 fxe6 27. Qg3 e5 28. Qd3 b5 29. dxe5 Rxf1+ 30. Kxf1 Rd8 31. Kg1 Nxe5 32. Qg3 Re8 33. Bb2 a5 34. Bxe5 Bxe5 35. Qb3 Rd8 36. bxa5 Kh7 37. a6 Bf4 38. Kh1 Kh6 39. g3 Nc3 40. Rxd8 Nxe4 41. Qd5 Nxg3+ 42. Kg2 Qf6 43. Nd3 Ne2 44. Re8 Nc3 45. Qf3 Qg5+ 46. Kf1 Nd5 47. Rh8+ Kg7 48. Re8 Bd6 49. Re2 Nc3 50. Rf2 Nd5 51. a7 Qh4 52. a8=Q Qc4 53. Qff8+ Bxf8 54. Qxf8+ Kh7 55. Rf7# 1-0


[Site "https://www.chess.com"]

[Event "Titled Tuesday Blitz April 05 Late 2022"]
[White "Li, Ben"]
[Black "Arabidze, Meri"]
[WhiteFideId "2089980"]
[BlackFideId "13604040"]
[WhiteElo "2267"]
[BlackElo "2335"]
[Result "1-0"]
[Round "08"]
[TimeControl "180+1"]
[Date "2022.04.05"]
[WhiteClock "0:00:08"]
[BlackClock "0:00:03"]

1. d4 f5 2. Nc3 Nf6 3. Nf3 e6 4. Bg5 d5 5. e3 Be7 6. Bd3 O-O 7. O-O Nc6 8. Ne2 Ne4 9. Bxe7 Qxe7 10. c4 Nb4 11. cxd5 Nxd3 12. Qxd3 exd5 13. Ne5 c6 14. Rab1 a5 15. Rfc1 g5 16. a3 f4 17. f3 Nd6 18. e4 dxe4 19. fxe4 a4 20. Rf1 Be6 21. Rbc1 Bb3 22. Rc5 Rad8 23. h4 g4 24. Nxf4 Qxh4 25. g3 Qe7 26. Re1 Qg7 27. Qe2 Nb5 28. Qxg4 Nxd4 29. Qxg7+ Kxg7 30. Kg2 Ne6 31. Nxe6+ Bxe6 32. Re2 Bb3 33. Rc1 Rd4 34. Nf3 Rd3 35. Nh4 Rfd8 36. Nf5+ Kg6 37. Rh1 Rd2 38. Kf2 Bc4 39. Rxd2 Rxd2+ 40. Ke3 Rxb2 41. Rh6+ Kg5 42. Rxh7 Rb3+ 43. Kd4 Be6 44. Nd6 b5 45. Re7 Kf6 46. Rc7 Rxa3 47. Rxc6 Rxg3 48. Nxb5 a3 49. Nc7 Ke7 50. Nxe6 Rg6 51. Kd5 a2 52. Rc7+ Kf6 53. e5+ Kf5 54. Nd4+ Kf4 55. Ra7 Rg2 56. e6 Rd2 57. e7 1-0


[Site "https://www.chess.com"]

[Event "Titled Tuesday Blitz April 05 Late 2022"]
[White "Martinez Alcantara, Jose Eduardo"]
[Black "Ibarra Jerez, Jose Carlos"]
[WhiteFideId "3805662"]
[BlackFideId "2226332"]
[WhiteElo "2690"]
[BlackElo "2626"]
[Result "0-1"]
[Round "08"]
[TimeControl "180+1"]
[Date "2022.04.05"]
[WhiteClock "0:00:07"]
[BlackClock "0:00:11"]

1. e4 e6 2. d4 d5 3. Nd2 c5 4. Ngf3 cxd4 5. Nxd4 Nf6 6. exd5 Nxd5 7. N2f3 Bb4+ 8. Bd2 O-O 9. Bxb4 Nxb4 10. Qd2 N8c6 11. c3 Nxd4 12. Nxd4 e5 13. cxb4 exd4 14. Be2 Bf5 15. O-O d3 16. Bf3 Qb6 17. a4 Rac8 18. a5 Qb5 19. Qf4 Rc4 20. Qe3 a6 21. Rac1 Rc2 22. Qe7 b6 23. axb6 Qxb6 24. b3 h6 25. Rcd1 Rb8 26. Bd5 Bg6 27. Bc4 Qxb4 28. Qe3 a5 29. Qg3 Rb6 30. Bd5 Qd4 31. Bc4 Rc3 32. Qc7 Rf6 33. Rde1 Kh7 34. Qc8 Bf5 35. Qb8 d2 36. Re8 d1=Q 37. Rh8+ Kg6 38. Qg3+ Q1g4 39. Qb8 Be4 0-1


[Site "https://www.chess.com"]

[Event "Titled Tuesday Blitz April 05 Late 2022"]
[White "Melkumyan, Hrant"]
[Black "Tristan, Leonardo"]
[WhiteFideId "13302485"]
[BlackFideId "113816"]
[WhiteElo "2604"]
[BlackElo "2404"]
[Result "0-1"]
[Round "08"]
[TimeControl "180+1"]
[Date "2022.04.05"]
[WhiteClock "0:00:20"]
[BlackClock "0:00:52"]

1. c4 e6 2. g3 d5 3. Bg2 d4 4. Nf3 Nc6 5. O-O Bc5 6. d3 Nf6 7. Bg5 h6 8. Bxf6 Qxf6 9. Nbd2 Qd8 10. Ne1 a5 11. Nc2 e5 12. Rb1 h5 13. a3 a4 14. b4 axb3 15. Nxb3 Be7 16. c5 h4 17. Nb4 Nxb4 18. axb4 c6 19. Na5 Qc7 20. Nc4 Be6 21. Qc2 Rd8 22. b5 Bd5 23. Bxd5 cxd5 24. Nd2 Qxc5 25. Qxc5 Bxc5 26. Rfc1 b6 27. Nb3 Rc8 28. Nxc5 Rxc5 29. Rxc5 bxc5 30. Rc1 hxg3 31. hxg3 c4 32. dxc4 dxc4 33. Rxc4 Kd7 34. b6 Rc8 35. Rb4 Rb8 36. f4 f6 37. fxe5 fxe5 38. Rb5 Kd6 39. Kf2 e4 40. b7 Kc6 41. Rb4 Kc5 42. Rb1 Kc6 43. Rb4 Kc5 44. Rb1 Kc6 0-1


[Site "https://www.chess.com"]

[Event "Titled Tuesday Blitz April 05 Late 2022"]
[White "Mikhalsky, Vladimir"]
[Black "Bowden, Karl"]
[WhiteFideId "14144352"]
[BlackFideId "400548"]
[WhiteElo "2513"]
[BlackElo "2349"]
[Result "1-0"]
[Round "08"]
[TimeControl "180+1"]
[Date "2022.04.06"]
[WhiteClock "0:00:38"]
[BlackClock "0:00:03"]

1. e4 e5 2. Nf3 d5 3. Nxe5 Bd6 4. d4 dxe4 5. Nc4 Nc6 6. Nc3 Bf5 7. Nxd6+ Qxd6 8. Bb5 O-O-O 9. Bxc6 Qxc6 10. O-O Qg6 11. Bf4 Ne7 12. Nb5 Nd5 13. Bg3 a6 14. c4 axb5 15. cxd5 Rxd5 16. a4 Qb6 17. axb5 Kd7 18. Rc1 Rc8 19. Qh5 Be6 20. Qxh7 Qxd4 21. Rfe1 Qxb2 22. Qxe4 Qxb5 23. h3 c6 24. Red1 Rxd1+ 25. Rxd1+ Ke8 26. Qh4 Qc4 27. Rd4 Qc1+ 28. Kh2 f6 29. Re4 1-0


[Site "https://www.chess.com"]

[Event "Titled Tuesday Blitz April 05 Late 2022"]
[White "Mkrtchyan, Mariam"]
[Black "Shimanov, Aleksandr"]
[WhiteFideId "13310828"]
[BlackFideId "4198603"]
[WhiteElo "1984"]
[BlackElo "2636"]
[Result "1/2-1/2"]
[Round "08"]
[TimeControl "180+1"]
[Date "2022.04.05"]
[WhiteClock "0:00:07"]
[BlackClock "0:00:06"]

1. d4 g6 2. e4 d6 3. f4 Nf6 4. Nc3 Bg7 5. Nf3 O-O 6. Bd3 Nc6 7. O-O Bg4 8. e5 dxe5 9. dxe5 Nd5 10. h3 Nxc3 11. bxc3 Bf5 12. Be3 Qd7 13. Qe2 Bxd3 14. cxd3 b5 15. Bc5 Rfd8 16. d4 a6 17. Ng5 Qd5 18. Rae1 f5 19. exf6 exf6 20. Qe6+ Qxe6 21. Nxe6 Rd7 22. Nxg7 Kxg7 23. Re6 Na5 24. f5 g5 25. Rfe1 Rad8 26. Be7 Rg8 27. Bxf6+ Kf7 28. Be5 Nc4 29. Rxa6 Re8 30. Rh6 Kg8 31. Re6 Ra8 32. Re2 Kf7 33. g4 Ra3 34. d5 Nxe5 35. R2xe5 Rxc3 36. Rc6 Rxh3 37. Kg2 Rd3 38. Rc5 Rd2+ 39. Kg3 Rxa2 40. Rxb5 Ra3+ 41. Kg2 Ra6 42. Rc5 Rb6 43. Kf3 Rb3+ 44. Kf2 Rb4 45. Kf3 Rd4 46. Kg3 Rd3+ 47. Kf2 Kg7 48. Kg2 Rd4 49. Kf3 Kf6 50. Re6+ Kf7 51. Re5 Kf8 52. Kf2 Rb4 53. Kf3 Rb6 54. Kf2 Kg7 55. Kf3 Ra6 56. Kf2 h5 57. gxh5 Kh6 58. Re6+ Rxe6 59. fxe6 Re7 60. Kf3 Kxh5 61. Ke4 g4 62. Kf4 Rg7 63. Rc1 g3 64. Rh1+ Kg6 65. Kxg3 Kf5+ 66. Kf3 Ke5 67. Rd1 Kd6 68. Kf4 Rg2 69. Kf5 Rf2+ 70. Kg6 Rf3 71. Kg7 Ke7 72. Rd2 Rg3+ 73. Kh6 Kf6 74. Kh5 Rg5+ 75. Kh4 Rg1 76. Kh3 Ke7 77. Re2 Rg5 1/2-1/2


[Site "https://www.chess.com"]